 Dungeon Crawl Stone Soup version 0.25.1-2-g60ff931df9 (webtiles) character file.

Game seed: 4130323303422536854

51 DildoBatman the Magician (level 4, 0/30 HPs)
             Began as a Formicid Wizard on Oct 16, 2020.
             Slain by a goblin
             ... wielding a +0 dagger
              (4 damage)
             ... on level 2 of the Dungeon.
             The game lasted 00:03:53 (1997 turns).

DildoBatman the Magician (Formicid Wizard)          Turns: 1997, Time: 00:03:54

Health: 0/30       AC:  2    Str: 12    XL:     4   Next: 7%
Magic:  8/8        EV: 12    Int: 18    God:
Gold:   56         SH:  0    Dex:  9    Spells: 8/9 levels left

rFire    + . .     SeeInvis +   n - +0 club
rCold    + . .     Gourm    .   (no shield)
rNeg     . . .     Faith    .   a - +0 robe
rPois    .         Spirit   .   (helmet unavailable)
rElec    .         Reflect  .   q - scarf {rC+ rF+}
rCorr    .         Harm     .   (no gloves)
MR       .....                  (no boots)
Stlth    ++........             (no amulet)
HPRegen  0.10/turn              (no ring)
MPRegen  0.11/turn              (no ring)

@: no status effects
A: permanent stasis, dig shafts and tunnels, four strong arms, antennae 3
a: Dig, Shaft Self


You were on level 2 of the Dungeon.
You were not hungry.

You visited 1 branch of the dungeon, and saw 2 of its levels.

You collected 56 gold pieces.

Inventory:

Hand Weapons
 n - a +0 club (weapon)
Missiles
 b - 73 stones (quivered)
 h - 34 sling bullets
 l - 46 arrows
Armour
 a - a +0 robe (worn)
 c - a +0 buckler
 q - a scarf of resistance (worn)
Scrolls
 e - 2 scrolls of identify {unknown}
 f - 2 scrolls of remove curse {unknown}
 i - a scroll of immolation {unknown}
 k - a scroll of random uselessness {unknown}
 m - a scroll of fog {unknown}
 r - a scroll of amnesia {unknown}
Potions
 d - a potion of mutation {unknown}
 g - a potion of invisibility {unknown}
 j - a potion of magic {unknown}
 o - a potion of might {unknown}
Comestibles
 p - 2 chunks of flesh
 v - 5 rations


   Skills:
 - Level 1.7 Dodging
 - Level 2.4 Stealth
 - Level 3.2 Spellcasting
 * Level 3.2 Conjurations
   Level 1.0 Summonings
   Level 0.8 Translocations


You had 8 spell levels left.
You knew the following spells:

 Your Spells              Type           Power        Failure   Level  Hunger
c - Magic Dart            Conj           ##..         4%          1    None

Your spell library contained the following spells:

 Spells                   Type           Power        Failure   Level  Hunger
 Call Imp                 Summ           #.......     16%         2    ##.....
 Slow                     Hex            #.......     24%         2    ##.....
 Conjure Flame            Conj/Fire      #.......     24%         3    ###....
 Mephitic Cloud           Conj/Pois/Air  #.......     30%         3    ###....
 Blink                    Tloc           Unusable     N/A         2    N/A

Dungeon Overview and Level Annotations

Branches:
Dungeon (2/15)

Altars:

Annotations:
D:1 exclusion: 6 sensed monsters (detected)


Innate Abilities, Weirdness & Mutations

You cannot be hasted, slowed, berserked, paralysed or teleported.
You can dig through walls and to a lower floor.
Your four strong arms can wield two-handed weapons with a shield.
You have a pair of large antennae on your head. (SInv)


Message History

Anything else - Cancel.
You shout for attention!
The goblin barely misses you. What are your orders? t - Shout!
Orders for allies: a - Attack new target. r - Retreat! s - Stop attacking. g - Guard the area. f - Follow me.
Anything else - Cancel.
You shout for attention!
The goblin misses you. What are your orders? t - Shout!
Orders for allies: a - Attack new target. r - Retreat! s - Stop attacking. g - Guard the area. f - Follow me.
Anything else - Cancel.
You shout for attention!
The goblin hits you with a +0 dagger.
You die...

........# #......##
##....## ##..## #.##
#.# #.# #.# ########
#.# #.....@# ###.##
#.####g# .....# #.#
§§§ ..#..# ####.#
...§§
.....###....#§.§≈≈.§
..........#.+..⌠§⌠..+
.....##...###≈.≈≈≈.≈#
......#.....#≈§.§..≈#
.#...##.....#


You could see a goblin.

Vanquished Creatures
  An adder (D:2)
  An ooze (D:2)
  A dart slug (D:1)
  A leopard gecko (D:1)
  4 giant cockroaches (D:1)
  A goblin (D:2)
  A hobgoblin (D:2)
  9 jackals
  7 bats
  A frilled lizard (D:1)
  5 rats
32 creatures vanquished.

Notes
Turn   | Place    | Note
-------+----------+-------------------------------------------
     0 | D:1      | DildoBatman the Formicid Wizard began the quest for the
                  | Orb.
     0 | D:1      | Reached XP level 1. HP: 13/13 MP: 4/4
    51 | D:1      | Reached skill level 1 in Conjurations
   390 | D:1      | Reached XP level 2. HP: 19/19 MP: 3/6
   963 | D:1      | Reached XP level 3. HP: 24/24 MP: 4/7
  1850 | D:2      | Reached XP level 4. HP: 24/30 MP: 0/8
  1997 | D:2      | Slain by a goblin

Illustrated notes

Levels and vault maps discovered:
D:1:      lightli_arrival_lavapool, layout_basic, lexackson_kobold_supper
D:2:      layout_loops_corners, kennysheep_generic_room_11,
          uniq_crazy_yiuf_cottage

Skill      XL: |  1  2  3 |
---------------+----------+-----
Conjurations   | 1 2 3 |  3.2
Dodging        | |  1.7
Stealth        | |  2.4
Spellcasting   | |  3.2
Summonings     | |  1.0
Translocations | |  0.8

Action                   |  1- 3 |  4- 6 || total
-------------------------+-------+-------++-------
Melee: Unarmed           |    20 |       ||    20
       Club              |    11 |       ||    11
Throw: Stone             |     1 |       ||     1
 Cast: Magic Dart        |    90 |       ||    90
 Abil: Dig               |     1 |       ||     1
  Eat: Chunk             |     3 |       ||     3
Armor: Robe              |    19 |     5 ||    24
Dodge: Dodged            |    52 |    20 ||    72
